 Dungeon Crawl Stone Soup version 0.32-a0-913-g739538afd8 (webtiles) character file.

Game seed: 11752353648750693388

84 Biggs the Changeling (level 4, 0/28 HPs)
             Began as an Octopode Shapeshifter on Apr 8, 2024.
             Constricted to death by a ball python (1 damage)
             ... on level 2 of the Dungeon.
             The game lasted 00:02:03 (1225 turns).

Biggs the Changeling (Octopode Shapeshifter)        Turns: 1225, Time: 00:02:03

Health: 0/28       AC:  1    Str: 15    XL:     4   Next: 45%
Magic:  4/4        EV:  2    Int: 12    God:
Gold:   96         SH:  0    Dex: 11    Spells: 3/3 levels left

rFire   . .          .
                       - Unarmed
rCold   . . .        (no shield)
rNeg    . . .        (helmet currently unavailable)
rPois   .            (no amulet)
rElec   .            (no ring)
rCorr   .            (no ring)
SInv    .            (no ring)
Will    .....        (no ring)
Stlth   ++           (no ring)
HPRegen 0.24/turn    (no ring)
MPRegen 0.09/turn    (no ring)
                     (no ring)

%: no passive effects
@: beast-form, constricted
A: beast (slay +2), almost no armour, amphibious, 8 rings, camouflage 1,
gelatinous body 1, (nimble swimmer 1), tentacles
a: Begin Untransformation


You were on level 2 of the Dungeon.
You were a hulking beast.
You visited 1 branch of the dungeon, and saw 2 of its levels.

You collected 96 gold pieces.

Inventory:

Jewellery
 h - a ring of ice
Talismans
 b - a beast talisman (active)
 c - a flux talisman
Scrolls
 g - a scroll of noise {unknown}
 k - a scroll of identify {unknown}
Potions
 a - a potion of lignification
 d - 3 potions of curing {unknown}
 e - 2 potions of magic {unknown}
 f - a potion of brilliance {unknown}
 i - 2 potions of enlightenment {unknown}
 j - a potion of might {unknown}
 l - 2 potions of haste {unknown}
 m - a potion of degeneration {unknown}


   Skills:
 - Level 1.0 Fighting
 - Level 2.0 Dodging
 - Level 3.0 Unarmed Combat
 + Level 4.8 Shapeshifting


You had 3 spell levels left.
You didn't know any spells.
Your spell library was empty.

Dungeon Overview and Level Annotations

Branches:
Dungeon (2/15)

Altars:

Shops:
D:1 (

Annotations:
D:2 1 runed translucent door, Crazy Yiuf


Innate Abilities, Weirdness & Mutations

You are a hulking beast.
Your limbs bulge with bestial killing power. (Slay +2)
You cannot wear most types of armour.
You are amphibious.
You can wear up to eight rings at the same time.
Your skin changes colour to match your surroundings (Stealth+).
Your rubbery body absorbs attacks. (AC +1, EV +1)
((You are camouflaged when in or above water. (Stealth+)))
You have tentacles for arms and can constrict up to eight enemies at once.


Message History

You are poisoned.
A gnoll comes into view. It is wielding a +0 spear.
You barely miss the gnoll.
The gnoll shouts! x2
Your grab misses the gnoll.
You feel sick.
You hear an angry hiss.
The gnoll hits you with a +1 whip of venom.
You closely miss the gnoll. You grab the gnoll. You squeeze the gnoll!
The gnoll is almost dead.
You constrict the gnoll.
You kill the gnoll!
You feel sick.
A ball python comes into view.
The gnoll misses you.
A gnoll comes into view. It is wielding a +0 mace.
Unknown command.
You feel sick.
You feel sick.
You feel sick.
You feel sick.
You feel sick.
You are no longer poisoned.
The gnoll misses you. The gnoll barely misses you.
You tentacle-slap the gnoll but do no damage.
You grab the gnoll. You constrict the gnoll. The gnoll closely misses you.
The gnoll struggles to escape constriction.
You tentacle-slap the gnoll.
The gnoll is severely wounded.
You constrict the gnoll.
You kill the gnoll!
The gnoll barely misses you.
You closely miss the ball python. Your grab misses the ball python.
The ball python barely misses you. The ball python grabs you.
The ball python constricts you.
The gnoll hits you from afar with a +0 spear!
* * * LOW HITPOINT WARNING * * *
The ball python bites you.
* * * LOW HITPOINT WARNING * * *
The ball python constricts you.
You die...

...## ##....#######
##...##...........#
#...........#####.#
####......# #.#
##..##.)# ###.#
##..####.# #...#
######....###.#
#.###
#.†....##...#.###.#
#.###### ##...#.h.#
#># ##..gS#### ..#
#.....g.# ###
#..#.#..gS....
########
#......##g.#.#
............##.###
.# .########..# #.#
# ## #.# #.. # #..
###


You could see a gnoll and a ball python.

Vanquished Creatures
  Robin (D:2)
  3 gnolls
  A dart slug (D:1)
  3 endoplasms
  2 giant cockroaches (D:1)
  14 goblins
  7 hobgoblins
  A ball python (D:1)
  3 frilled lizards
  A kobold (D:1)
  4 rats
40 creatures vanquished.

Notes
Turn   | Place    | Note
-------+----------+-------------------------------------------
     0 | D:1      | Biggs the Octopode Shapeshifter began the quest for the
                  | Orb.
     0 | D:1      | Reached XP level 1. HP: 13/13 MP: 1/1
    59 | D:1      | You fall into a shaft and drop 1 floor!
   272 | D:1      | Reached XP level 2. HP: 18/18 MP: 2/2
   502 | D:1      | Found Engeo's Antique Weapon Shoppe.
   732 | D:1      | Reached skill level 4 in Shapeshifting
   732 | D:1      | Reached XP level 3. HP: 17/23 MP: 3/3
   941 | D:2      | Noticed Robin
   952 | D:2      | Killed Robin
  1000 | D:2      | Reached XP level 4. HP: 22/28 MP: 4/4
  1061 | D:2      | Found a runed translucent door.
  1062 | D:2      | Identified the +7 hammer of the End of Times {drain, rC+
                  | Int+3 Stlth+}
  1062 | D:2      | Noticed Crazy Yiuf
  1225 | D:2      | HP: 1/28 [ball python (3)]
  1225 | D:2      | Constricted to death by a ball python

Illustrated notes

Levels and vault maps discovered:
D:1:      minmay_arrival_wavy_path, layout_loops_corners, serial_shops, shop
D:2:      layout_rooms, grunt_ministairs_13, minmay_goblin_outpost,
          uniq_crazy_yiuf_cottage, uniq_robin

Skill      XL: |  1  2 |
---------------+-------+-----
Shapeshifting  | 4 |  4.8
Fighting       | |  1.0
Dodging        | |  2.0
Unarmed Combat | |  3.0

Action                     |  1- 3 |  4- 6 || total
---------------------------+-------+-------++-------
  Melee: Unarmed           |    51 |    11 ||    62
         Tentacles         |     8 |     2 ||    10
         Constrict         |    15 |     6 ||    21
   Stab: Sleeping          |     9 |     1 ||    10
 Armour: Skin              |    16 |     8 ||    24
  Dodge: Dodged            |    21 |     7 ||    28

Table legend: (Time is in decaauts)
 A = Elapsed time spent in this place.
 B = Non-inter-level travel time spent in this place.
 C = Inter-level travel time spent in this place.
 D = Time resting spent in this place.
 E = Time spent auto-exploring this place.
 F = Levels seen in this place.
 G = Mean time per level.
                   A        B        C        D        E       F      G
               +--------+--------+--------+--------+--------+-----+--------+
         Total |   1221 |   1217 |      4 |      0 |   1013 |   2 |  610.5 |
       Dungeon |   1221 |   1217 |      4 |      0 |   1013 |   2 |  610.5 |
               +--------+--------+--------+--------+--------+-----+--------+

Top non-repeatable levels by time:
     D:1: 829 daAuts
     D:2: 392 daAuts
